[Event "Titled Tuesday Blitz December 06 Early 2022"]
[White "Pein, Jonathan"]
[Black "monkins"]
[WhiteFideId "417092"]
[WhiteElo "2225"]
[BlackElo "2254"]
[Result "1-0"]
[Round "06"]
[TimeControl "180+1"]
[Date "2022.12.07"]
[WhiteClock "0:00:22"]
[BlackClock "0:00:04"]

1. e4 c6 2. b3 d5 3. Bb2 dxe4 4. Nc3 Nf6 5. Nge2 Bf5 6. Ng3 Bg6 7. h4 h5 8. Qe2 e3 9. fxe3 Qc7 10. Qf3 Nbd7 11. O-O-O Ne5 12. Qf2 Neg4 13. Qe1 O-O-O 14. e4 e6 15. d4 Qf4+ 16. Kb1 Bb4 17. a3 Bxc3 18. Qxc3 Nf2 19. Ba6 Qc7 20. Bc4 Nxh1 21. Rxh1 Nxe4 22. Nxe4 Bxe4 23. Qd2 Bg6 24. Qg5 b5 25. Bxe6+ fxe6 26. Qxg6 Qd7 27. Re1 Rde8 28. Re5 Rhf8 29. Qxh5 Rf1+ 30. Ka2 Rf2 31. Rc5 Kb7 32. g3 Ref8 33. Bc1 R8f5 34. Qg6 Rxc5 35. dxc5 Qd1 36. Bb2 Qxc2 37. Qxg7+ Ka6 38. h5 Qxc5 39. h6 Rh2 40. h7 b4 41. h8=Q Rxh8 42. Qxh8 bxa3 43. Bxa3 Qe3 44. Qc8+ 1-0


[Site "https://www.chess.com"]

[Event "Titled Tuesday Blitz December 06 Early 2022"]
[White "Piesik, Piotr"]
[Black "Ozen, Bahadir"]
[WhiteFideId "1136194"]
[BlackFideId "6337058"]
[WhiteElo "2316"]
[BlackElo "2503"]
[Result "1/2-1/2"]
[Round "06"]
[TimeControl "180+1"]
[Date "2022.12.06"]
[WhiteClock "0:01:24"]
[BlackClock "0:00:41"]

1. Nf3 Nf6 2. g3 d6 3. Bg2 e5 4. O-O Be7 5. d4 Nbd7 6. dxe5 dxe5 7. Nbd2 c6 8. e4 O-O 9. a4 Qc7 10. Qe2 Rb8 11. a5 b5 12. axb6 axb6 13. b3 b5 14. Bb2 Re8 15. Nh4 Bf8 16. Nf5 g6 17. Ne3 Nc5 18. f4 exf4 19. Bxf6 fxe3 20. Qxe3 Ne6 21. Kh1 Bb7 22. e5 c5 23. Bxb7 Qxb7+ 24. Qe4 Rec8 25. Qxb7 Rxb7 26. Ne4 h6 27. h4 Kh7 28. Rfd1 c4 29. bxc4 bxc4 30. Ra6 Nc5 31. Nxc5 Bxc5 32. e6 fxe6 33. Rxe6 Rf7 34. Rd5 Bf8 35. g4 Ra8 36. g5 hxg5 37. hxg5 Bg7 38. Rc5 Bxf6 39. gxf6 Raf8 40. Rxc4 Rxf6 41. Rxf6 Rxf6 1/2-1/2


[Site "https://www.chess.com"]

[Event "Titled Tuesday Blitz December 06 Early 2022"]
[White "Quinones Garcia, Santiago"]
[Black "Larina, Maria"]
[WhiteFideId "4408497"]
[BlackFideId "24113182"]
[WhiteElo "2249"]
[BlackElo "1848"]
[Result "1-0"]
[Round "06"]
[TimeControl "180+1"]
[Date "2022.12.07"]
[WhiteClock "0:00:08"]
[BlackClock "0:00:02"]

1. e4 c6 2. d4 d5 3. exd5 cxd5 4. c4 Nf6 5. Nc3 e6 6. Nf3 Be7 7. Bg5 O-O 8. Bd3 dxc4 9. Bxc4 Nc6 10. O-O a6 11. a4 h6 12. Bh4 Nd5 13. Bxe7 Ncxe7 14. Qd3 Nc6 15. Rad1 b6 16. Rfe1 Ndb4 17. Qe3 Nc2 18. Qe4 Nxe1 19. Rxe1 Bb7 20. Bd3 g6 21. Qg4 Qf6 22. Ne4 Qg7 23. Nd6 Nd8 24. Ne5 Bd5 25. h4 h5 26. Qf4 Nc6 27. Nd7 Rfd8 28. Nxb6 Rab8 29. a5 Nxd4 30. Ne4 Nf5 31. Bxa6 Bxe4 32. Qxe4 Qxb2 33. Bc4 Rd6 34. Qf4 Qd4 35. Qxd4 Rxd4 36. Ra1 Nd6 37. Be2 Nb7 38. a6 Nc5 39. a7 Rdd8 40. axb8=Q Rxb8 41. Ra8 Rxa8 42. Nxa8 Kg7 43. Nc7 Ne4 44. g3 Kf6 45. Kg2 Ke5 46. Nb5 f5 47. Bc4 Nd2 48. Ba2 Ne4 49. Nc7 Nf6 50. Nxe6 Ne4 51. Nf4 Kf6 52. Bd5 g5 53. hxg5+ Kxg5 54. Nh3+ Kg4 55. f3# 1-0


[Site "https://www.chess.com"]

[Event "Titled Tuesday Blitz December 06 Early 2022"]
[White "Quizon, Daniel"]
[Black "Mendez Fortes, Eduardo Jesus"]
[WhiteFideId "5217911"]
[BlackFideId "3502376"]
[WhiteElo "2385"]
[BlackElo "2307"]
[Result "0-1"]
[Round "06"]
[TimeControl "180+1"]
[Date "2022.12.07"]
[WhiteClock "0:02:09"]
[BlackClock "0:01:09"]

1. e4 e5 2. Nf3 Nc6 3. Bb5 Nf6 4. d3 Bc5 5. c3 d6 6. O-O O-O 7. h3 Bb6 8. Nbd2 Ne7 9. Re1 Ng6 10. Nf1 c6 11. Ba4 Re8 12. Ng3 d5 13. Bc2 h6 14. Qe2 Nf4 15. Bxf4 exf4 16. e5 fxg3 17. d4 gxf2+ 18. Qxf2 Ne4 19. Bxe4 dxe4 20. Rxe4 Be6 21. Kh2 f6 22. Rae1 fxe5 23. Nxe5 Bd5 24. Rg4 Bc7 25. Qg3 Bxe5 26. Rxe5 Qd7 27. Rh5 Re2 28. Qf4 Kh7 29. c4 Re4 30. Rxh6+ gxh6 31. Qf5+ Qxf5 0-1


[Site "https://www.chess.com"]

[Event "Titled Tuesday Blitz December 06 Early 2022"]
[White "Rakhmatullaev, Almas"]
[Black "Durarbayli, Vasif"]
[WhiteFideId "14205793"]
[BlackFideId "13402935"]
[WhiteElo "2221"]
[BlackElo "2576"]
[Result "0-1"]
[Round "06"]
[TimeControl "180+1"]
[Date "2022.12.06"]
[WhiteClock "0:00:06"]
[BlackClock "0:00:10"]

1. e4 e6 2. d4 d5 3. Nc3 Nf6 4. Bg5 Bb4 5. e5 h6 6. Bc1 Ne4 7. Qg4 g6 8. a3 Bxc3+ 9. bxc3 c5 10. f3 Nxc3 11. Bd2 Na4 12. Bb5+ Bd7 13. Bxa4 Bxa4 14. dxc5 Bxc2 15. Ne2 Nc6 16. O-O Qe7 17. Nd4 Bf5 18. Nxc6 bxc6 19. Qd4 g5 20. g4 Bg6 21. Be3 Rb8 22. Rf2 Qc7 23. Raf1 Rb3 24. Rb2 Rd3 25. Qb4 O-O 26. Bd4 a5 27. Qa4 f5 28. exf6 e5 29. Bf2 Rxf3 30. Bg3 Rxf1+ 31. Kxf1 Rxf6+ 32. Ke1 Qf7 33. Rf2 Rxf2 34. Bxf2 Qc7 35. Qb3 Kf7 36. Qb6 Qc8 37. Bg3 Ke6 38. Qxa5 Bd3 39. Qc3 Bc4 40. Qxe5+ Kf7 41. Qc7+ Qxc7 42. Bxc7 Ke6 43. Kd2 Bb5 44. Kc3 Be2 45. a4 Bxg4 46. a5 Be2 47. Kd4 Ba6 48. Bd6 Kf5 49. Bf8 h5 50. Bd6 h4 51. Be7 Kf4 52. Bd6+ Kf3 53. Be7 Kg4 54. h3+ Kf4 55. Bd6+ Kf5 56. Be7 g4 57. Bxh4 gxh3 58. Bg3 Kg4 59. Bc7 Kf3 60. Bd6 Kg2 61. Ke3 h2 62. Bxh2 Kxh2 0-1


[Site "https://www.chess.com"]

[Event "Titled Tuesday Blitz December 06 Early 2022"]
[White "Ramirez Vido, Robert Yorisan"]
[Black "Suduvasachmatai"]
[WhiteFideId "3513823"]
[WhiteElo "2363"]
[BlackElo "1965"]
[Result "1-0"]
[Round "06"]
[TimeControl "180+1"]
[Date "2022.12.07"]
[WhiteClock "0:00:09"]
[BlackClock "0:01:07"]

1. Nf3 d5 2. g3 Nd7 3. Bg2 e5 4. d3 Ngf6 5. O-O Be7 6. e4 dxe4 7. dxe4 Nxe4 8. Nxe5 Nxe5 9. Qxd8+ Bxd8 10. Bxe4 Bh3 11. Re1 Be6 12. f4 f5 13. Bxb7 Rb8 14. Rxe5 Rxb7 15. Rxe6+ Kf7 16. Re2 Bf6 17. c3 Rd8 18. Kf2 Rd1 19. Re1 Rd6 20. Na3 Rd8 21. Nc4 c6 22. Be3 a5 23. Rad1 Rdb8 24. Nd6+ Kg6 25. Nxb7 Rxb7 26. Re2 a4 27. Bd4 Be7 28. Re6+ Kf7 29. Rde1 Bf8 30. R1e2 a3 31. b3 c5 32. Bxg7 Kxg7 33. Rc6 Kf7 34. c4 Bg7 35. Rd6 Bd4+ 36. Kf3 h5 37. Rd2 Re7 38. R6xd4 cxd4 39. Rxd4 Re1 40. Rd5 Ke6 41. Re5+ Rxe5 42. fxe5 Kxe5 43. Ke3 1-0


[Site "https://www.chess.com"]

[Event "Titled Tuesday Blitz December 06 Early 2022"]
[White "Ray, Sarathi"]
[Black "Szyszylo, Rafal"]
[WhiteFideId "2032490"]
[BlackFideId "1109626"]
[WhiteElo "2029"]
[BlackElo "1981"]
[Result "0-1"]
[Round "06"]
[TimeControl "180+1"]
[Date "2022.12.07"]
[WhiteClock "0:00:07"]
[BlackClock "0:00:11"]

1. e4 d6 2. Nc3 Nf6 3. Bc4 c6 4. d3 Nbd7 5. f4 e5 6. Nf3 h6 7. O-O Qb6+ 8. Kh1 Be7 9. Qe1 O-O 10. Bb3 Nc5 11. fxe5 dxe5 12. Nxe5 Nxb3 13. axb3 Be6 14. Nf3 Ng4 15. h3 Nf6 16. Be3 Qc7 17. Bf2 Nh5 18. Nd4 Bd6 19. g4 Nf4 20. Nf5 Bxf5 21. gxf5 Nxh3 22. Be3 Bg3 23. Qe2 Ng5 24. Bxg5 hxg5 25. Qg4 f6 26. Kg2 Be5 27. Qh5 Qf7 28. Qg4 Qd7 29. Rh1 Kf7 30. Qh5+ Ke7 31. Qg6 Rg8 32. Rh7 Kf8 33. Rah1 Qf7 34. Rh8 Qxg6 35. fxg6 Bxc3 36. bxc3 Ke7 37. Rxg8 Rxg8 38. Rh7 f5 39. exf5 Kf6 40. Kf3 Kxf5 41. Rh1 Re8 42. Ra1 a6 43. Ra5+ Kxg6 44. b4 Kf6 45. c4 Re5 46. b5 cxb5 47. cxb5 Rxb5 48. Ra4 Rc5 49. Rb4 b5 50. c4 bxc4 51. dxc4 Kf5 52. Ra4 a5 53. Ra3 g4+ 54. Kg3 g5 55. Rd3 a4 56. Rd8 Rxc4 57. Rf8+ Ke5 58. Re8+ Kd5 59. Rd8+ Kc5 60. Rc8+ Kb4 61. Rb8+ Kc3 62. Ra8 Kb3 63. Rb8+ Rb4 64. Ra8 a3 65. Kg2 a2 66. Kg3 Kb2 67. Kg2 a1=Q 0-1


[Site "https://www.chess.com"]

[Event "Titled Tuesday Blitz December 06 Early 2022"]
[White "Riehle, Marco"]
[Black "Berezin, Viktor"]
[WhiteFideId "12904392"]
[BlackFideId "14107872"]
[WhiteElo "2462"]
[BlackElo "2310"]
[Result "1-0"]
[Round "06"]
[TimeControl "180+1"]
[Date "2022.12.07"]
[WhiteClock "0:01:53"]
[BlackClock "0:00:19"]

1. e4 c6 2. c4 d5 3. cxd5 cxd5 4. exd5 Nf6 5. Nc3 Nxd5 6. Nf3 Nc6 7. Bb5 Nxc3 8. dxc3 Qxd1+ 9. Kxd1 Bg4 10. Ke2 Bxf3+ 11. Kxf3 O-O-O 12. Bxc6 bxc6 13. Be3 e5 14. Bxa7 c5 15. b4 Kb7 16. Bxc5 Bxc5 17. bxc5 Kc6 18. Ke4 f5+ 19. Kxe5 Rhe8+ 20. Kf4 Rd2 21. Rhf1 Ree2 22. Kf3 Rxa2 23. Rxa2 Rxa2 24. Re1 Ra7 25. Re5 g6 26. h4 Ra3 27. Re7 Rxc3+ 28. Kf4 Rc4+ 29. Kg3 Rg4+ 30. Kh3 Kxc5 31. Rxh7 Kd5 32. f3 Ra4 33. Rh6 Ke5 34. Rxg6 Ra1 35. Kh2 Kf4 36. Rb6 Ra7 37. Rb3 Ke5 38. g3 f4 39. g4 Ra2+ 40. Kh3 Ra1 41. g5 Kd4 42. Kg4 Ke5 43. Rb5+ Ke6 44. Kxf4 Ra4+ 45. Kg3 Kf7 46. f4 Kg6 47. Kg4 Ra1 48. Rb6+ Kg7 49. Rb7+ Kg6 50. h5# 1-0


[Site "https://www.chess.com"]

[Event "Titled Tuesday Blitz December 06 Early 2022"]
[White "Rosenberg, Evan S"]
[Black "Cramling Bellon, Anna"]
[WhiteFideId "2019299"]
[BlackFideId "32009232"]
[WhiteElo "2352"]
[BlackElo "1972"]
[Result "1-0"]
[Round "06"]
[TimeControl "180+1"]
[Date "2022.12.07"]
[WhiteClock "0:00:25"]
[BlackClock "0:00:01"]

1. d4 Nf6 2. Nf3 d5 3. c3 c5 4. dxc5 Nc6 5. b4 e5 6. e3 e4 7. Nd4 a5 8. b5 Ne5 9. Ba3 Bg4 10. f3 exf3 11. gxf3 Ne4 12. h4 Qf6 13. Bg2 Ng3 14. fxg4 Nxh1 15. Bxh1 Qxh4+ 16. Kd2 Nc4+ 17. Kc1 Be7 18. Bxd5 Nxe3 19. Qh1 Qg5 20. Bc6+ Kf8 21. Nd2 Nc4 22. Nf3 Qf4 23. Bxb7 Nxa3 24. Bxa8 Bxc5 25. Kb2 Nc4+ 26. Nxc4 Qxc4 27. Nd4 Qd5 28. Qxd5 1-0


[Site "https://www.chess.com"]

[Event "Titled Tuesday Blitz December 06 Early 2022"]
[White "Sadhwani, Raunak"]
[Black "Agasarov, Benik"]
[WhiteFideId "35093487"]
[BlackFideId "13314823"]
[WhiteElo "2657"]
[BlackElo "2179"]
[Result "1-0"]
[Round "06"]
[TimeControl "180+1"]
[Date "2022.12.06"]
[WhiteClock "0:01:08"]
[BlackClock "0:00:13"]

1. e4 e5 2. Nf3 Nf6 3. Nxe5 d6 4. Nf3 Nxe4 5. c4 Nc6 6. d4 d5 7. Nc3 Bb4 8. Qc2 O-O 9. Be3 f5 10. cxd5 Qxd5 11. Bd3 Nxc3 12. bxc3 Bd6 13. O-O h6 14. Nd2 Kh8 15. f4 Qf7 16. a3 Re8 17. Rfe1 b6 18. Nf3 Bb7 19. Ne5 Qd5 20. Bc4 Qxg2+ 21. Qxg2 1-0


[Site "https://www.chess.com"]

[Event "Titled Tuesday Blitz December 06 Early 2022"]
[White "Sagita, Catur Adi"]
[Black "Lehtosaari, Mauri"]
[WhiteFideId "7104618"]
[BlackFideId "501999"]
[WhiteElo "2232"]
[BlackElo "2503"]
[Result "1-0"]
[Round "06"]
[TimeControl "180+1"]
[Date "2022.12.07"]
[WhiteClock "0:00:55"]
[BlackClock "0:00:08"]

1. d4 d5 2. c4 c6 3. Nc3 Nf6 4. cxd5 cxd5 5. Nf3 Nc6 6. g3 Bf5 7. Bg2 e6 8. O-O Be7 9. Bf4 O-O 10. Rc1 Rc8 11. Ne5 Nxe5 12. Bxe5 Qa5 13. Qb3 Qb4 14. Nb5 a6 15. Qxb4 Bxb4 16. Nd6 Bxd6 17. Bxd6 Rfd8 18. Be7 Re8 19. Bxf6 gxf6 20. e3 Bc2 21. Rfe1 Rc6 22. h4 Rec8 23. Bf3 Bd3 24. Rxc6 Rxc6 25. Rd1 Be4 26. Bxe4 dxe4 27. Rd2 Kf8 28. Kg2 Ke7 29. f3 exf3+ 30. Kxf3 Kd6 31. Ke4 Rc1 32. g4 Rh1 33. h5 Rg1 34. Kf3 Rf1+ 35. Kg3 Rg1+ 36. Kf3 Rc1 37. Rf2 h6 38. Ke4 Ke7 39. Rg2 a5 40. Kd3 b5 41. Rc2 Rxc2 42. Kxc2 Kd6 43. Kd3 Kd5 44. e4+ Kd6 45. Ke3 Kc6 46. Kf4 Kd7 47. e5 Ke7 48. Ke4 fxe5 49. dxe5 f6 50. Kf4 Kf7 51. a3 Ke7 52. b3 Kf7 53. b4 a4 54. Ke4 Ke7 55. exf6+ Kxf6 56. Kd4 e5+ 57. Kd5 Kg5 58. Kxe5 Kxg4 59. Kd5 Kxh5 60. Kc5 Kg5 61. Kxb5 h5 62. Kxa4 h4 63. b5 h3 64. b6 h2 65. b7 h1=Q 66. b8=Q Qc6+ 67. Qb5+ Qxb5+ 68. Kxb5 1-0


[Site "https://www.chess.com"]

[Event "Titled Tuesday Blitz December 06 Early 2022"]
[White "Salem, A.R. Saleh"]
[Black "Aldokhin, Ivan"]
[WhiteFideId "9301348"]
[BlackFideId "24115720"]
[WhiteElo "2633"]
[BlackElo "2313"]
[Result "1-0"]
[Round "06"]
[TimeControl "180+1"]
[Date "2022.12.07"]
[WhiteClock "0:00:51"]
[BlackClock "0:00:19"]

1. d4 Nf6 2. c4 g6 3. Nc3 Bg7 4. e4 d6 5. h3 O-O 6. Be3 Nc6 7. d5 Nb4 8. a3 Na6 9. Bd3 Re8 10. Nge2 e6 11. O-O exd5 12. exd5 Nc5 13. Bc2 Bd7 14. Ng3 a5 15. Qd2 a4 16. Rae1 Qc8 17. Kh2 b6 18. f4 Bf5 19. Bxf5 gxf5 20. Bxc5 bxc5 21. Rxe8+ Nxe8 22. Qd3 Bxc3 23. Qxc3 Ng7 24. Re1 Qd8 25. Re3 Qh4 26. Qxg7+ Kxg7 27. Nxf5+ Kf6 28. Nxh4 Rb8 29. Re2 Rb3 30. g4 h6 31. Nf5 h5 32. Ng3 h4 33. Ne4+ Kg7 34. Nc3 Kg6 35. Kg2 f5 36. g5 Rb8 37. Nxa4 Rc8 38. Re6+ Kg7 39. Nc3 c6 40. Rxd6 cxd5 41. Rxd5 Kg6 42. Kf3 Re8 43. Rxc5 Kh5 44. Rxf5 Re6 45. g6+ Kxg6 46. Rg5+ Kf6 47. Nd5+ Kf7 48. Kg4 1-0


[Site "https://www.chess.com"]

[Event "Titled Tuesday Blitz December 06 Early 2022"]
[White "Samaganova, Aleksandra"]
[Black "Buksa, Nataliya"]
[WhiteFideId "13800221"]
[BlackFideId "14123622"]
[WhiteElo "1864"]
[BlackElo "2303"]
[Result "1/2-1/2"]
[Round "06"]
[TimeControl "180+1"]
[Date "2022.12.07"]
[WhiteClock "0:00:45"]
[BlackClock "0:01:17"]

1. c4 e6 2. Nc3 d5 3. e3 Nf6 4. Nf3 c5 5. d4 cxd4 6. exd4 Be7 7. cxd5 Nxd5 8. Bd3 O-O 9. O-O Nc6 10. a3 h6 11. Bc2 Bd6 12. Qd3 f5 13. Re1 Qf6 14. Bb3 Nce7 15. Ne5 a6 16. Bd2 Rd8 17. Rac1 Nxc3 18. Qxc3 Nd5 19. Bxd5 exd5 20. Qb3 Bf8 21. Rc7 Bd6 22. Rcc1 Bf8 23. Rc7 Bd6 24. Rcc1 1/2-1/2


[Site "https://www.chess.com"]

[Event "Titled Tuesday Blitz December 06 Early 2022"]
[White "Sanchez, Robert"]
[Black "Shuvalov, Evgenij"]
[WhiteFideId "2034360"]
[BlackFideId "4187237"]
[WhiteElo "2346"]
[BlackElo "2049"]
[Result "0-1"]
[Round "06"]
[TimeControl "180+1"]
[Date "2022.12.07"]
[WhiteClock "0:00:48"]
[BlackClock "0:00:45"]

1. Nf3 Nf6 2. e3 d5 3. c4 c6 4. Nc3 a6 5. b3 Bf5 6. d4 e6 7. Be2 h6 8. O-O Nbd7 9. h3 Bd6 10. Bb2 Qe7 11. a4 O-O 12. Re1 Bb4 13. Rf1 Ne4 14. Nxe4 Bxe4 15. Nd2 Bg6 16. c5 e5 17. Nf3 Be4 18. Nxe5 Nxe5 19. dxe5 Bxc5 20. Rc1 Rad8 21. Bd4 Ba3 22. Ra1 Bb4 23. f4 c5 24. Bb2 d4 25. exd4 cxd4 26. Bd3 Bc6 27. Qg4 Qe6 28. Qg3 f5 29. Rac1 Kh8 30. Bc4 Qe7 31. Rcd1 b5 32. axb5 axb5 33. Bd3 Rg8 34. Bxf5 g5 35. Rf2 Rdf8 36. Bd3 gxf4 37. Qh2 Bc3 38. Bc1 Qxe5 39. Rdf1 Be1 40. Re2 Qxe2 41. Bxe2 Bg3 42. Qxg3 fxg3 43. Bxh6 Rxf1+ 44. Bxf1 Be4 45. Bf4 d3 46. Be5+ Kh7 0-1


[Site "https://www.chess.com"]

[Event "Titled Tuesday Blitz December 06 Early 2022"]
[White "Shapiro, Daniel"]
[Black "Averjanov, Alexey"]
[WhiteFideId "2001780"]
[BlackFideId "14109867"]
[WhiteElo "2296"]
[BlackElo "2693"]
[Result "0-1"]
[Round "06"]
[TimeControl "180+1"]
[Date "2022.12.07"]
[WhiteClock "0:00:05"]
[BlackClock "0:01:20"]

1. d4 d5 2. c4 dxc4 3. e4 Nf6 4. e5 Nd5 5. Bxc4 Nb6 6. Bd3 Nc6 7. Ne2 Nb4 8. Be4 N4d5 9. Nbc3 Be6 10. O-O Qd7 11. Ng3 f5 12. exf6 exf6 13. Re1 O-O-O 14. a4 a5 15. Be3 Bb4 16. Rc1 Kb8 17. Nge2 Rhe8 18. Bc2 c6 19. Bb3 Nxe3 20. fxe3 Bxb3 21. Qxb3 Rxe3 22. Rcd1 Rde8 23. Qc2 Nd5 24. Rf1 Rxe2 25. Nxe2 Ne3 26. Qd3 Nxf1 27. Rxf1 Ka8 28. Ng3 Re1 29. Rxe1 Bxe1 30. Ne2 g6 31. Qe4 Bb4 32. Ng3 Ka7 33. Kf2 Qd6 34. Ke3 f5 35. Qe5 Qxe5+ 36. dxe5 Kb6 37. Kf4 Be7 38. Ne2 Kc5 39. Ng1 Kb4 40. Nf3 Kxa4 41. Ng5 Kb3 42. Nxh7 Kxb2 43. Nf6 a4 44. Ng8 Bd8 45. e6 a3 46. Ke5 a2 47. Kd6 a1=Q 48. Kd7 Qa5 0-1


[Site "https://www.chess.com"]

[Event "Titled Tuesday Blitz December 06 Early 2022"]
[White "Shubenkova, Veronika"]
[Black "Goroshkov, Maksym"]
[WhiteFideId "44124040"]
[BlackFideId "14142716"]
[WhiteElo "2027"]
[BlackElo "2258"]
[Result "0-1"]
[Round "06"]
[TimeControl "180+1"]
[Date "2022.12.07"]
[WhiteClock "0:00:02"]
[BlackClock "0:00:11"]

1. e4 e5 2. Nf3 d6 3. d4 Bg4 4. Be2 Nd7 5. O-O Ngf6 6. Nc3 Be7 7. Be3 O-O 8. Re1 c6 9. h3 Bh5 10. Nd2 Bxe2 11. Qxe2 Qc7 12. Rad1 Rfd8 13. Nf3 Nf8 14. Rd2 Ne6 15. Red1 c5 16. dxe5 dxe5 17. Nd5 Nxd5 18. exd5 Nd4 19. Bxd4 exd4 20. Re1 Bf6 21. Qe4 h6 22. Rd3 b5 23. b3 Qd6 24. Qf5 g6 25. Qg4 h5 26. Qe4 Qxd5 27. Qxd5 Rxd5 28. c4 bxc4 29. bxc4 Rd6 30. Nd2 Kg7 31. Ne4 Re6 32. f3 Rb8 33. Red1 Be7 34. Ra3 f5 35. Nf2 a6 36. Nd3 g5 37. Ra5 Rc8 38. Rb1 Re3 39. Rb7 Kf8 40. Nf2 Rc6 41. Kf1 Bd8 42. Rb8 Ke7 43. Rb7+ Kd6 44. Ra4 a5 45. Rb3 Rxb3 46. axb3 Rb6 47. Ra3 Rb4 48. Ke2 a4 49. Rxa4 Rxb3 50. Ra6+ Kd7 51. Rh6 Rb2+ 52. Ke1 Bc7 53. Nd3 Bg3+ 54. Kd1 Rxg2 55. Rxh5 Bd6 56. h4 gxh4 57. Rxh4 Ra2 58. Rh5 Ra3 59. Ke2 Ra2+ 60. Kd1 Ra4 61. Ke2 Rxc4 62. Rxf5 Rc2+ 63. Kd1 Rc3 64. Kd2 c4 65. Nc5+ Bxc5 66. Rxc5 Kd6 67. Rc8 Kd5 68. f4 Rh3 69. Rd8+ Ke4 70. Rc8 Rh2+ 71. Kc1 Kd3 72. Rg8 Rh1+ 73. Kb2 c3+ 74. Kb3 Rb1+ 75. Ka2 c2 76. Rg3+ Kc4 77. f5 c1=Q 78. Rc3+ dxc3 0-1


[Site "https://www.chess.com"]

[Event "Titled Tuesday Blitz December 06 Early 2022"]
[White "Sjugirov, Sanan"]
[Black "Harikrishna, Pentala"]
[WhiteFideId "4189302"]
[BlackFideId "5007003"]
[WhiteElo "2613"]
[BlackElo "2617"]
[Result "1-0"]
[Round "06"]
[TimeControl "180+1"]
[Date "2022.12.06"]
[WhiteClock "0:00:10"]
[BlackClock "0:00:03"]

1. e4 c5 2. Nf3 e6 3. d4 cxd4 4. Nxd4 Nc6 5. Nc3 Qc7 6. Be3 a6 7. a3 b5 8. Nxc6 Qxc6 9. Be2 Bb7 10. O-O Nf6 11. Bf3 e5 12. Nd5 Bc5 13. Nxf6+ gxf6 14. Bxc5 Qxc5 15. Qd3 Bc6 16. Rfd1 h5 17. h4 Rd8 18. c3 d6 19. Rd2 Qc4 20. Qe3 Qc5 21. Qe2 Qc4 22. Qe3 Qc5 23. Qxc5 dxc5 24. Rad1 Rxd2 25. Rxd2 Ke7 26. Kf1 c4 27. Ke2 Bd7 28. Ke3 Be6 29. g3 a5 30. Be2 f5 31. exf5 Bxf5 32. Rd5 b4 33. Rxa5 bxc3 34. bxc3 Kf6 35. Ra6+ Kg7 36. Bxc4 Rc8 37. Ra4 Bd7 38. Rb4 Ra8 39. Rb7 Be8 40. Rb3 f5 41. Bd5 Ra4 42. c4 Kf6 43. f4 e4 44. Kd4 Ke7 45. Ke5 Bd7 46. c5 Ra5 47. Rc3 Kd8 48. Bf7 Bc6 49. Bxh5 e3 50. Kxf5 Be8 51. Bxe8 e2 52. Re3 Rxc5+ 53. Kg4 1-0


[Site "https://www.chess.com"]

[Event "Titled Tuesday Blitz December 06 Early 2022"]
[White "Stijve, Theo"]
[Black "Tay, Junior"]
[WhiteFideId "1331132"]
[BlackFideId "5800439"]
[WhiteElo "2256"]
[BlackElo "2216"]
[Result "1-0"]
[Round "06"]
[TimeControl "180+1"]
[Date "2022.12.07"]
[WhiteClock "0:00:35"]
[BlackClock "0:00:27"]

1. e4 c5 2. a3 d5 3. exd5 Nf6 4. Bb5+ Bd7 5. Bxd7+ Qxd7 6. c4 e6 7. dxe6 fxe6 8. Nf3 Bd6 9. Nc3 O-O 10. d3 Nc6 11. O-O Rad8 12. Bg5 Bb8 13. Ne4 Nxe4 14. Bxd8 Rxf3 15. Bh4 Rxd3 16. Qe2 Nd2 17. Rad1 Nd4 18. Qxd3 N4f3+ 19. Qxf3 Nxf3+ 20. gxf3 Qc7 21. Bg3 Qc8 22. Rfe1 h6 23. Kg2 Bxg3 24. hxg3 Qc6 25. Re5 b6 26. Rde1 Qa4 27. Rxe6 Qxc4 28. Re7 Qc2 29. R1e2 Qc4 30. Rd2 a5 31. Rdd7 b5 32. Rxg7+ Kf8 33. Rh7 Kg8 34. Rdg7+ Kf8 35. Ra7 Kg8 36. Rhc7 1-0


[Site "https://www.chess.com"]

[Event "Titled Tuesday Blitz December 06 Early 2022"]
[White "Sztokbant, Bernardo Vainzoff"]
[Black "Mrudul Dehankar"]
[WhiteFideId "2115956"]
[BlackFideId "25096990"]
[WhiteElo "2222"]
[BlackElo "2139"]
[Result "1-0"]
[Round "06"]
[TimeControl "180+1"]
[Date "2022.12.07"]
[WhiteClock "0:01:03"]
[BlackClock "0:00:01"]

1. d4 Nf6 2. c4 e6 3. Nf3 Bb4+ 4. Bd2 Qe7 5. g3 Bxd2+ 6. Qxd2 Nc6 7. Bg2 Ne4 8. Qc1 d5 9. O-O O-O 10. Nc3 Nf6 11. cxd5 exd5 12. Qf4 Re8 13. Rac1 Be6 14. a3 Na5 15. Nb5 c6 16. Nc7 Nh5 17. Qe5 f6 18. Qxe6+ Qxe6 19. Nxe6 Rxe6 20. e3 g6 21. Nd2 b6 22. b4 Nb7 23. Rxc6 Rxc6 24. Bxd5+ Kf8 25. Bxc6 Rb8 26. Rc1 Ke7 27. Bf3 Kd8 28. Bxh5 gxh5 29. Kg2 Nd6 30. Kf3 a5 31. Ne4 Nb5 32. a4 Nc7 33. b5 Nd5 34. Rc6 Ke7 35. Nd6 Rd8 36. Nf5+ Kf7 37. Ke4 1-0


[Site "https://www.chess.com"]

[Event "Titled Tuesday Blitz December 06 Early 2022"]
[White "Tanenbaum, Zachary"]
[Black "Lawson, Eric"]
[WhiteFideId "2060850"]
[BlackFideId "2604116"]
[WhiteElo "2175"]
[BlackElo "2583"]
[Result "1-0"]
[Round "06"]
[TimeControl "180+1"]
[Date "2022.12.07"]
[WhiteClock "0:01:16"]
[BlackClock "0:00:12"]

1. e4 c5 2. Nf3 d6 3. d4 cxd4 4. Nxd4 Nf6 5. Nc3 a6 6. Be3 e5 7. Nb3 Be7 8. h3 h5 9. Bd3 Nc6 10. Qe2 d5 11. exd5 Nxd5 12. Nxd5 Qxd5 13. O-O-O Be6 14. Bxa6 Qxg2 15. Bxb7 Rxa2 16. Qb5 Bd7 17. Rxd7 Kxd7 18. Rd1+ Bd6 19. Bc5 Rh6 20. Kb1 Qf3 21. Rd3 Ra5 22. Nxa5 1-0


[Site "https://www.chess.com"]

[Event "Titled Tuesday Blitz December 06 Early 2022"]
[White "Tarlabasi, Emirhan"]
[Black "Herman, Daniel"]
[WhiteFideId "6350275"]
[BlackFideId "30935008"]
[WhiteElo "2200"]
[BlackElo "1897"]
[Result "1-0"]
[Round "06"]
[TimeControl "180+1"]
[Date "2022.12.07"]
[WhiteClock "0:01:41"]
[BlackClock "0:00:18"]

1. Nf3 d5 2. c4 e6 3. b3 Nf6 4. Bb2 Bd6 5. g3 O-O 6. Bg2 Qe7 7. O-O Nbd7 8. d4 c6 9. Nc3 Ba3 10. Qc2 a5 11. Rfe1 Bxb2 12. Qxb2 b6 13. e4 dxe4 14. Nxe4 Nxe4 15. Rxe4 Nf6 16. Re2 Bb7 17. Ne5 c5 18. d5 Qc7 19. dxe6 fxe6 20. Bxb7 Qxb7 21. Rd1 Rad8 22. Red2 Qc7 23. Rxd8 Rxd8 24. Rxd8+ Qxd8 25. Qe2 Qd4 26. h4 Ne4 27. Nf3 Qa1+ 28. Kg2 Qb1 29. Nd2 Nxd2 30. Qxe6+ Kf8 31. Qd6+ Kf7 32. Qxd2 Qe4+ 33. Kh2 Ke6 34. Qe3 Ke5 35. Qxe4+ Kxe4 36. Kg2 Kd3 37. g4 Kc2 38. f4 Kb2 39. f5 Kxa2 40. g5 Kxb3 41. f6 gxf6 42. gxf6 a4 43. f7 a3 44. f8=Q Kxc4 45. Qf7+ Kb4 46. Qxh7 a2 47. Qg7 c4 48. Qa1 Kb3 49. Kf2 b5 50. Ke2 b4 51. Kd2 c3+ 52. Kc1 Ka3 53. Kc2 1-0


[Site "https://www.chess.com"]